 Dungeon Crawl Stone Soup version 0.31-a0-188-g5e087ee2ca (webtiles) character file.

Game seed: 6508697682213242794

316 qw the Skirmisher (level 6, -8/34 HPs)
             Began as a Deep Elf Hunter on June 23, 2023.
             Mangled by an orc
             ... wielding a +2 mace of protection
              (9 damage)
             ... on level 4 of the Dungeon.
             The game lasted 00:00:57 (2730 turns).

qw the Skirmisher (Deep Elf Hunter)                 Turns: 2730, Time: 00:00:58

Health: -8/34      AC:  8    Str: 10    XL:     6   Next: 20%
Magic:  8/8        EV:  9    Int: 14    God:
Gold:   162        SH:  0    Dex: 18    Spells: 5/5 levels left

rFire   . . .        Y - +0 shortbow
rCold   . . .        (shield currently unavailable)
rNeg    + . .        a - +0 scale mail
rPois   .            (no helmet)
rElec   .            d - +0 cloak
rCorr   .            (no gloves)
SInv    .            i - +0 pair of boots
Will    .....        (no amulet)
Stlth   +            m - ring of positive energy
HPRegen 0.25/turn    (no ring)
MPRegen 0.11/turn

%: no passive effects
@: about to teleport
A: no striking features
a: no special abilities


You were on level 4 of the Dungeon.
You visited 1 branch of the dungeon, and saw 4 of its levels.

You collected 162 gold pieces.


   Skills:
 + Level 1.6 Fighting
 - Level 9.6 Ranged Weapons
 - Level 1.0 Armour
 - Level 2.5 Dodging
 - Level 1.2 Stealth


You had 5 spell levels left.
You didn't know any spells.
Your spell library was empty.

Inventory:

Hand Weapons
 Y - a +0 shortbow (weapon)
Armour
 a - a +0 scale mail (worn)
 c - a +0 ring mail
 d - a +0 cloak (worn)
 i - a +0 pair of boots (worn)
Jewellery
 m - a ring of positive energy (left hand)
Potions
 b - a potion of lignification {unknown}
 e - a potion of mutation {unknown}
 f - a potion of haste
 g - 3 potions of curing
 h - a potion of resistance
 j - a potion of berserk rage {unknown}
 l - a potion of degeneration {unknown}

Dungeon Overview and Level Annotations

Branches:
Dungeon (4/15)
 Temple: D:4-7

Altars:
Elyvilon
Kikubaaqudgha


Message History

You kill the orc!
The orc barely misses you.
You shoot an arrow. The arrow hits the orc.
The orc is moderately wounded.
The orc hits you but does no damage.
You shoot an arrow. The arrow hits the orc.
You kill the orc!
You shoot an arrow. The arrow barely misses the orc.
The arrow closely misses the orc.
The orc hits you with a +2 mace of protection.
The orc hits you but does no damage.
You shoot an arrow. The arrow barely misses the orc.
The orc hits you with a +2 mace of protection!
You shoot an arrow. The arrow closely misses the orc.
The orc barely misses you.
You shoot an arrow.
The arrow hits the orc but does no damage.
The orc hits you but does no damage. The orc hits you with a +0 flail.
You shoot an arrow. The arrow barely misses the orc.
The orc hits you with a +0 flail. The orc barely misses you.
The orc hits you with a +2 mace of protection.
The orc hits you with a +0 flail.
You shoot an arrow.
The arrow hits the orc but does no damage.
The orc hits you with a +2 mace of protection!
The orc barely misses you.
2727 ||| READING scroll of teleportation.
As you read the scroll of teleportation, it crumbles to dust.
You feel strangely unstable. The orc hits you but does no damage.
The orc hits you with a +0 flail.
You shoot an arrow.
The arrow hits the orc but does no damage.
The orc barely misses you.
The orc hits you with a +2 mace of protection.
You shoot an arrow. The arrow closely misses the orc.
The orc closely misses you. The orc hits you but does no damage.
You shoot an arrow. The arrow completely misses the orc.
The orc hits you with a +0 flail. The orc hits you but does no damage.
The orc hits you with a +2 mace of protection!
You die...

#########.......
#.......#......#
#.......#......#
#.......#......#
#####+##......#......+
#......#.)....#).....#
#......##'#####o.....#
#.............@o.....#
#....................#
#....................+
#....................#
#...................##
#
#......########.....#
#
#......#......#.....#
#.. #
#......'......#..^..#
#... #
#.....>#......#.....+
#... #


You could see 2 orcs.

Vanquished Creatures
  Sigmund (D:3)
  An orc wizard (D:3)
  A gnoll (D:4)
  4 adders
  A worm (D:3)
  A dart slug (D:1)
  6 orcs
  6 bats
  9 endoplasms
  4 giant cockroaches
  6 goblins
  5 hobgoblins
  3 jackals (D:1)
  2 frilled lizards
  5 kobolds
  8 rats
63 creatures vanquished.

Notes
Turn   | Place    | Note
-------+----------+-------------------------------------------
     0 | D:1      | qw the Deep Elf Hunter began the quest for the Orb.
     0 | D:1      | Reached XP level 1. HP: 12/12 MP: 3/3
     0 | D:1      | 0 ||| qw: Version: 0.3-a-9-g12657ce
     0 | D:1      | 0 ||| qw: Game counter: 3485
     0 | D:1      | 0 ||| qw: Always use a shield: true
     0 | D:1      | 0 ||| qw: God list: Okawaru
     0 | D:1      | 0 ||| qw: Allow faded altars: false
     0 | D:1      | 0 ||| qw: Do Orc after D:15 true
     0 | D:1      | 0 ||| qw: Do second Lair branch before Depths: true
     0 | D:1      | 0 ||| qw: Lair rune preference: random
     0 | D:1      | 0 ||| qw: Plans: Normal
     0 | D:1      | 0 ||| PLANNING D:1-11
    97 | D:1      | Reached XP level 2. HP: 16/16 MP: 4/4
   143 | D:1      | Reached skill level 6 in Ranged Weapons
   364 | D:1      | Noticed an eye of devastation
   385 | D:1      | Found a faded altar of an unknown god.
   387 | D:1      | Noticed a great orb of eyes
   401 | D:1      | Noticed a floating eye
   411 | D:1      | Noticed a great orb of eyes
   664 | D:1      | Reached XP level 3. HP: 20/20 MP: 5/5
   876 | D:1      | 876 ||| READING scroll labelled BETYPA LOAKOTH.
   877 | D:1      | 877 ||| READING scroll labelled VOUVEM SIYTT.
   881 | D:1      | 881 ||| DRINKING 2 glowing sapphire potions.
   882 | D:1      | 882 ||| DROPPING scroll of butterflies.
  1020 | D:2      | Reached skill level 7 in Ranged Weapons
  1670 | D:2      | 1670 ||| UPGRADING to +0 cloak.
  1675 | D:2      | 1675 ||| READING scroll labelled ENKERE NUCYMMA.
  1676 | D:2      | 1676 ||| READING scroll labelled SISA TIXEVAX.
  1677 | D:2      | 1677 ||| DRINKING 2 fuming dark potions.
  1678 | D:2      | 1678 ||| DRINKING 4 metallic yellow potions.
  1685 | D:3      | 1685 ||| STAIRDANCE
  1697 | D:2      | Reached XP level 4. HP: 10/25 MP: 6/6
  1698 | D:2      | HP: 5/25 [orc/+0 club (2)]
  1952 | D:3      | Found a white marble altar of Elyvilon.
  1954 | D:3      | Noticed Sigmund
  1961 | D:3      | Killed Sigmund
  1962 | D:3      | Reached skill level 9 in Ranged Weapons
  1962 | D:3      | Reached XP level 5. HP: 22/29 MP: 7/7
  1962 | D:3      | Reached XP level 6. HP: 26/34 MP: 8/8
  2002 | D:3      | Found a faded altar of an unknown god.
  2235 | D:3      | 2235 ||| UPGRADING to +0 scale mail.
  2240 | D:3      | 2240 ||| UPGRADING to +0 scale mail.
  2252 | D:3      | 2252 ||| DROPPING +0 leather armour.
  2253 | D:3      | 2253 ||| UPGRADING to +0 pair of boots.
  2261 | D:3      | 2261 ||| UPGRADING to ring of positive energy.
  2262 | D:3      | 2262 ||| READING scroll labelled COCUOCS JUIXZY.
  2358 | D:3      | Found an ancient bone altar of Kikubaaqudgha.
  2704 | D:4      | Reached skill level 1 in Armour
  2726 | D:4      | HP: 6/34 [orc/+2 mace of protection (8)]
  2727 | D:4      | 2727 ||| READING scroll of teleportation.
  2730 | D:4      | HP: 1/34 [orc/+0 flail (3)]
  2730 | D:4      | Mangled by an orc

Levels and vault maps discovered:
D:1:      beargit_arrival_greenhouse, layout_basic,
          hellmonk_ecumenical_altar_watching_god, roderic_malta_cross
D:2:      cheibrodos_helix_gallery, layout_loops_cross, grunt_decor_clamped,
          minmay_box_of_dots
D:3:      layout_loops_ring, amcnicky_altar_gilded,
          nicolae_overflow_ecumenical_swirl, serial_forest,
          infiniplex_forest_clump_C, infiniplex_forest_lined_room_,
          infiniplex_forest_end_2, infiniplex_forest_straight_5, uniq_sigmund
D:4:      layout_gridville, kennysheep_decorative_pillar

Skill      XL: |  1  2  3  4  5  6 |
---------------+-------------------+-----
Ranged Weapons | 6 7 9 |  9.6
Armour         | 1 |  1.0
Fighting       | |  1.6
Dodging        | |  2.5
Stealth        | |  1.2

Action                     |  1- 3 |  4- 6 || total
---------------------------+-------+-------++-------
   Fire: Shortbow          |   112 |    98 ||   210
    Use: Scroll            |     4 |     2 ||     6
         Potion            |     3 |       ||     3
 Armour: Leather armour    |    21 |     8 ||    29
         Scale mail        |       |    18 ||    18
  Dodge: Dodged            |    41 |    25 ||    66

Table legend:
 A = Non-vault XP
 B = Vault XP
 C = Vault XP percentage of total XP
 D = Non-vault monster count
 E = Vault monster count
 F = Vault count percentage of total count
                 A         B        C        D         E       F
            +---------+---------+-------+---------+---------+-------
      Total |     204 |     248 |  54.9 |      59 |       4 |   6.3
            +---------+---------+-------+---------+---------+-------
        D:1 |      44 |       0 |   0.0 |      24 |       0 |   0.0
        D:2 |      51 |       5 |   8.9 |      16 |       3 |  15.8
        D:3 |      83 |     243 |  74.5 |      13 |       1 |   7.1
        D:4 |      26 |       0 |   0.0 |       6 |       0 |   0.0
            +---------+---------+-------+---------+---------+-------
